 Dungeon Crawl Stone Soup version 0.30.0-3-ga4e48a9924 (webtiles) character file.

Game seed: 1780357535864591046

147 Lobster4 the Conjurer (level 5, -3/35 HPs)
             Began as a Human Conjurer on May 7, 2023.
             Slain by an orc
             ... wielding a +0 flail
              (6 damage)
             ... on level 3 of the Dungeon.
             The game lasted 00:04:28 (3282 turns).

Lobster4 the Conjurer (Human Conjurer)              Turns: 3282, Time: 00:04:29

Health: -3/35      AC:  3    Str:  9    XL:     5   Next: 54%
Magic:  0/9        EV: 12    Int: 19    God:
Gold:   65         SH:  0    Dex: 11    Spells: 6/9 levels left

rFire   . . .        d - +0 dagger
rCold   + . .        (no shield)
rNeg    . . .        a - +0 robe
rPois   .            (no helmet)
rElec   .            h - +0 cloak
rCorr   .            (no gloves)
SInv    .            (no boots)
Will    .....        (no amulet)
Stlth   ++           c - ring of protection from cold
HPRegen 0.25/turn    (no ring)
MPRegen 0.11/turn

%: no passive effects
@: brilliant, lethally poisoned (-3 -> -4), flying
A: no striking features
a: no special abilities


You were on level 3 of the Dungeon.
You visited 1 branch of the dungeon, and saw 3 of its levels.

You collected 65 gold pieces.

Inventory:

Hand Weapons
 d - a +0 dagger (weapon)
 k - a +0 hand axe
 q - a +0 long sword
Missiles
 p - 2 poisoned darts (quivered)
Armour
 a - a +0 robe (worn)
 e - a +0 leather armour
 h - a +0 cloak (worn)
Magical Staves
 n - a staff of cold
Jewellery
 c - a ring of protection from cold (left hand)
Scrolls
 f - a scroll of poison {unknown}
 g - a scroll of amnesia {unknown}
 j - 2 scrolls of identify {unknown}
 l - a scroll of fog {unknown}
 o - a scroll of magic mapping {unknown}
Potions
 b - a potion of magic
 i - 2 potions of brilliance
 m - 2 potions of flight


   Skills:
 + Level 0.2 Throwing
 + Level 1.7 Armour
 + Level 2.9 Dodging
 - Level 3.0 Stealth
 + Level 2.8 Spellcasting
 + Level 4.5 Conjurations
 + Level 0.2 Evocations


You had 6 spell levels left.
You knew the following spells:

 Your Spells              Type           Power      Damage    Failure   Level
a - Magic Dart            Conj           100%       1d8       2%          1
b - Searing Ray           Conj           60%        2d6       3%          2

Your spell library contained the following spells:

 Spells                   Type           Power      Damage    Failure   Level
 Dazzling Flash           Conj/Hex       34%        N/A       19%         3
 Call Imp                 Summ           8%         N/A       24%         2
 Mephitic Cloud           Conj/Pois/Air  12%        N/A       26%         3
 Fulminant Prism          Conj/Hex       8%         3d6       52%         4
 Iskenderun's Mystic Bla  Conj/Tloc      17%        2d5       52%         4


Dungeon Overview and Level Annotations

Branches:
Dungeon (3/15)

Altars:
Uskayaw


Message History

You finish channelling your searing ray.
The orc priest hits you with a +2 flail of venom!
You are poisoned.
Casting: Searing Ray (safe; 3% risk of failure)
Confirm with . or Enter, or press ? or * to list all spells.
Aiming: Searing Ray (safe; 3% risk of failure)
Press: ? - help, Shift-Dir - straight line, f/p - orc priest
Aim: an orc priest, wielding a +2 flail of venom and wearing a +0 chain mail (severely wounded, 84% to hit)
The searing ray hits the orc priest!
You kill the orc priest!
The searing ray hits the orc.
The orc is severely wounded. (Press . to maintain the ray.)
You feel very sick.
Without enough magic to sustain it, your searing ray dissipates.
You feel sick. The orc barely misses you.
You hit the orc but do no damage.
The orc is severely wounded.
You feel sick. The orc hits you with a +0 flail!
You hit the orc but do no damage.
The orc is severely wounded.
You feel sick. The orc hits you with a +0 flail.
* * * LOW HITPOINT WARNING * * *
It was a potion of brilliance.
You feel clever all of a sudden.
You feel sick. The orc hits you with a +0 flail.
* * * LOW HITPOINT WARNING * * *
Casting: Searing Ray (safe; 3% risk of failure)
Confirm with . or Enter, or press ? or * to list all spells.
Aiming: Magic Dart (safe; 2% risk of failure)
Press: ? - help, Shift-Dir - straight line, f - orc
Aim: an orc, wielding a +0 flail and wearing a +0 ring mail (severely wounded, 100% to hit)
You feel a surge of power!
The magic dart hits the orc but does no damage.
The orc is severely wounded.
You feel sick. The orc hits you but does no damage.
It was a potion of flight.
You feel very buoyant.
You fly up into the air.
You feel sick. The orc hits you with a +0 flail.
You die...

#.#
#........
.....#
#.#
#........
.....#
#.#
#........
....# #.#
#........
....# #.#
#........
.).# #.#
#........
#..# #.#
#########
#o.# #.#
#@.# #.#
#..###.#
#......#
#.######
#.# #.#
#.# #.#
#.


You could see an orc.

Vanquished Creatures
  An orc priest (D:3)
  4 adders (D:2)
  A worm (D:2)
  7 dart slugs
  An orc (D:3)
  4 bats
  6 endoplasms
  A giant cockroach (D:3)
  6 goblins
  8 hobgoblins
  4 jackals (D:2)
  4 kobolds
  A quokka (D:1)
  6 ball pythons
  4 frilled lizards
  5 rats
63 creatures vanquished.

Notes
Turn   | Place    | Note
-------+----------+-------------------------------------------
     0 | D:1      | Lobster4 the Human Conjurer began the quest for the Orb.
     0 | D:1      | Reached XP level 1. HP: 13/13 MP: 3/3
   178 | D:1      | Reached XP level 2. HP: 19/19 MP: 1/5
   395 | D:1      | Learned a level 2 spell: Searing Ray
   744 | D:1      | Reached XP level 3. HP: 24/24 MP: 4/6
  1086 | D:1      | Found a faded altar of an unknown god.
  1726 | D:2      | Reached skill level 1 in Armour
  1726 | D:2      | Reached XP level 4. HP: 28/30 MP: 2/7
  2364 | D:2      | Reached XP level 5. HP: 35/35 MP: 3/8
  3200 | D:3      | Found a hide-covered altar of Uskayaw.
  3282 | D:3      | Slain by an orc

Illustrated notes

Levels and vault maps discovered:
D:1:      heliophobic_arrival_ceremonial_halls, layout_basic,
          hellmonk_ecumenical_altar_inner_sanctum
D:2:      layout_basic
D:3:      layout_basic, nicolae_gozag_seed_capital, nicolae_uskayaw_suspiria

Skill      XL: |  1  2  3  4  5 |
---------------+----------------+-----
Armour         | 1 |  1.7
Stealth        | 3 |  3.0
Throwing       | |  0.2
Dodging        | |  2.9
Spellcasting   | |  2.8
Conjurations   | |  4.5
Evocations     | |  0.2

Action                     |  1- 3 |  4- 6 || total
---------------------------+-------+-------++-------
  Melee: Dagger            |       |     2 ||     2
   Cast: Magic Dart        |    66 |    55 ||   121
         Searing Ray       |     1 |     6 ||     7
    Use: Potion            |       |     2 ||     2
 Armour: Robe              |     1 |     1 ||     2
  Dodge: Dodged            |     4 |     4 ||     8
